 Dungeon Crawl Stone Soup version 0.21.1-1-g345015f (webtiles) character file.

113 Monsterracer the Insei (level 4, -1/33 HPs)
             Began as a Draconian Summoner on Apr 22, 2018.
             Was an Initiate of Okawaru.
             Killed from afar by an orc wizard (8 damage)
             ... with a puff of flame
             ... on level 3 of the Dungeon.
             The game lasted 00:07:18 (3556 turns).

Monsterracer the Insei (Draconian Summoner)         Turns: 3556, Time: 00:07:19

Health: -1/33      AC:  5    Str:  7 (10) XL:     4   Next: 65%
Magic:  7/7        EV: 12    Int: 13 (16) God:    Okawaru [......]
Gold:   110        SH:  0    Dex:  9 (12) Spells: 2/7 levels left

rFire    . . .     SeeInvis .     - Unarmed
rCold    . . .     Gourm    .   (no shield)
rNeg     . . .     Faith    .   (armour unavailable)
rPois    .         Spirit   .   (helmet restricted)
rElec    .         Reflect  .   (no cloak)
rCorr    .         Harm     .   (no gloves)
MR       .....                  (no boots)
Stlth    ++........             b - amulet of rage
HPRegen  0.11/turn              (no ring)
MPRegen  0.10/turn              (no ring)

@: no status effects
A: unfitting armour, cold-blooded, AC +5
a: Renounce Religion, Evoke Berserk Rage


You were on level 3 of the Dungeon.
You worshipped Okawaru.
Okawaru was noncommittal.
You were not hungry.

You visited 1 branch of the dungeon, and saw 3 of its levels.

You collected 110 gold pieces.

Inventory:

Armour
 d - a +0 buckler
Jewellery
 b - an amulet of rage (around neck)
Potions
 h - a potion of cancellation
Comestibles
 c - 4 rations


   Skills:
 - Level 1.7 Dodging
 - Level 1.7 Stealth
 + Level 4.4 Unarmed Combat
 - Level 2.0 Spellcasting
 - Level 4.0 Summonings


You had 2 spell levels left.
You knew the following spells:

 Your Spells              Type           Power        Failure   Level  Hunger
a - Summon Small Mammal   Summ           ##..         4%          1    ##.....
d - Summon Ice Beast      Ice/Summ       #.......     73%         4    #####..


Dungeon Overview and Level Annotations

Branches:
Dungeon (3/15)

Altars:
Nemelex Xobeh
Okawaru

Annotations:
D:3 Robin


Innate Abilities, Weirdness & Mutations

Your plain brown scales are hard. (AC +5)
You cannot fit into any form of body armour.
You are cold-blooded and may be slowed by cold attacks.


Message History

There is a stone staircase leading up here.
The orc wizard shouts!
The orc misses you.
You closely miss the orc. The orc hits you but does no damage.
You hit the orc.
The orc is severely wounded.
You hit the orc wizard but do no damage.
You barely miss the orc wizard. The orc wizard hits you with a dagger.
You take 1 damage, and have 32/33 hp.
You hit the orc wizard.
The orc wizard is lightly wounded.
The orc wizard barely misses you.
You completely miss the orc wizard.
The orc wizard is lightly wounded.
The orc wizard hits you with a dagger.
You take 3 damage, and have 29/33 hp.
You hit the orc wizard but do no damage.
The orc wizard is lightly wounded.
The orc wizard hits you but does no damage.
You barely miss the orc wizard.
Your tail-slap misses the orc wizard.
The orc wizard is lightly wounded.
The orc wizard hits you but does no damage.
You hit the orc wizard.
The orc wizard is moderately wounded.
The orc wizard hits you with a dagger.
You take 4 damage, and have 25/33 hp.
You miss the orc wizard.
The orc wizard is moderately wounded.
The orc wizard hits you but does no damage.
You closely miss the orc wizard.
The orc wizard is moderately wounded.
You barely miss the orc wizard.
The orc wizard is moderately wounded.
The orc wizard hits you with a dagger.
You are too injured to fight recklessly!
You take 4 damage, and have 21/33 hp.
You hit the orc wizard.
The orc wizard is moderately wounded.
The orc wizard completely misses you.
You are too injured to fight recklessly!
You closely miss the orc wizard.
The orc wizard is moderately wounded.
The orc wizard hits you but does no damage.
You are too injured to fight recklessly!
You hit the orc wizard.
The orc wizard is heavily wounded.
The orc wizard casts a spell at you. The magic dart hits you!
* * * LOW HITPOINT WARNING * * *
You take 8 damage, and have 14/33 hp.
MASSIVE DAMAGE!!
You miss the orc wizard.
The orc wizard is heavily wounded.
The orc wizard closely misses you.
You hit the orc wizard but do no damage.
The orc wizard is heavily wounded.
The orc wizard hits you with a dagger.
* * * LOW HITPOINT WARNING * * *
You take 6 damage, and have 8/33 hp.
You closely miss the orc wizard.
The orc wizard is heavily wounded.
The orc wizard hits you with a dagger.
* * * LOW HITPOINT WARNING * * *
You take 1 damage, and have 7/33 hp.
You barely miss the orc wizard.
The orc wizard is heavily wounded.
The orc wizard hits you but does no damage.
You barely miss the orc wizard.
The orc wizard is heavily wounded.
The orc wizard hits you but does no damage.
You barely miss the orc wizard.
The orc wizard is heavily wounded.
The orc wizard hits you but does no damage.
You closely miss the orc wizard.
The orc wizard is heavily wounded.
The orc wizard hits you with a dagger.
* * * LOW HITPOINT WARNING * * *
You take 1 damage, and have 6/33 hp.
You barely miss the orc wizard.
The orc wizard is heavily wounded.
You closely miss the orc wizard.
The orc wizard is heavily wounded.
The orc wizard closely misses you.
You barely miss the orc wizard.
The orc wizard is heavily wounded.
The orc wizard suddenly complains, as Orcs often do.
The orc wizard closely misses you.
You hit the orc wizard but do no damage.
The orc wizard is heavily wounded.
The orc wizard hits you but does no damage.
You hit the orc wizard.
The orc wizard is severely wounded.
The orc wizard closely misses you.
You barely miss the orc wizard.
The orc wizard is severely wounded.
The orc wizard hits you but does no damage.
You closely miss the orc wizard.
Your tail-slap misses the orc wizard.
The orc wizard is severely wounded.
The orc wizard casts a spell at you. The puff of flame hits you!
You die...

**##********
#####..,,,*,,,,*
###....,***,*,**,*
##########....######)#,**,*
<........#.#<...@ooo.#,**,*
########.#.###########,**,*
#.#..........,,,,*,*
#...)########*,*,*,*
***#####.##.###.....,,*,*,*
,,,.................,,,,,>*
***####.....###.....,,,,***
,,,........## ***#.#*****
***####.##..# *,*


You could see an orc wizard and 2 orcs.

Vanquished Creatures
  A scorpion (D:2)
  An adder (D:3)
  A worm (D:2)
  2 orcs (D:2)
  5 giant cockroaches
  9 goblins
  4 hobgoblins
  2 jackals (D:2)
  6 kobolds
  7 bats
  3 frilled lizards (D:2)
  5 rats
46 creatures vanquished.

Vanquished Creatures (collateral kills)
  A worm (D:1)
1 creature vanquished.

Grand Total: 47 creatures vanquished

Notes
Turn   | Place    | Note
-------+----------+-------------------------------------------
     0 | D:1      | Monsterracer the Draconian Summoner began the quest for the Orb.
     0 | D:1      | Reached XP level 1. HP: 14/14 MP: 3/3
   108 | D:1      | Reached skill level 1 in Unarmed Combat
   134 | D:1      | Found a sparkling altar of Nemelex Xobeh.
   165 | D:1      | HP: 7/14 [goblin/club (1)]
   167 | D:1      | HP: 3/14 [goblin/club (4)]
   169 | D:1      | Reached XP level 2. HP: 5/20 MP: 5/5
   281 | D:1      | HP: 8/20 [goblin (4)]
   337 | D:1      | HP: 10/20 [bat (1)]
  1231 | D:2      | Noticed a scorpion
  1363 | D:1      | HP: 8/20 [hobgoblin/club (4)]
  1368 | D:1      | HP: 3/20 [worm (5)]
  1658 | D:2      | Reached XP level 3. HP: 26/26 MP: 6/6
  1932 | D:2      | Found an iron altar of Okawaru.
  1954 | D:2      | Became a worshipper of Warmaster Okawaru
  2053 | D:2      | HP: 12/26 [jackal (2)]
  2064 | D:2      | HP: 7/26 [frilled lizard (1)]
  2351 | D:2      | Killed a scorpion
  2351 | D:2      | Reached XP level 4. HP: 30/33 MP: 7/7
  2853 | D:3      | HP: 11/33 [orc priest/nerve-wracking pain (9)]
  3098 | D:3      | Learned a level 4 spell: Summon Ice Beast
  3104 | D:3      | Noticed Robin
  3108 | D:3      | HP: 16/33 [Robin/trident (2)]
  3113 | D:3      | HP: 11/33 [Robin/trident (2)]
  3118 | D:3      | Found a faded altar of an unknown god.
  3542 | D:3      | HP: 14/33 [orc wizard/magic dart (8)]
  3549 | D:3      | HP: 6/33 [orc wizard/dagger (1)]
  3556 | D:3      | Killed from afar by an orc wizard

Skill      XL: |  1  2  3 |
---------------+----------+-----
Unarmed Combat | 1 2 4 |  4.4
Dodging        | |  1.7
Stealth        | |  1.7
Spellcasting   | |  2.0
Summonings     | |  4.0

Action                   |  1- 3 |  4- 6 || total
-------------------------+-------+-------++-------
Melee: Unarmed           |   223 |    89 ||   312
       Tailslap          |    14 |     8 ||    22
       Punch             |       |     1 ||     1
 Cast: Summon Small Mamm |     6 |       ||     6
 Abil: Evoke Berserk Rag |     1 |       ||     1
  Use: Scroll            |       |     4 ||     4
       Potion            |       |     3 ||     3
 Stab: Sleeping          |     2 |       ||     2
  Eat: Chunk             |     4 |     2 ||     6
       Ration            |       |     1 ||     1
Armor: Skin              |   130 |    32 ||   162
Dodge: Dodged            |   202 |    55 ||   257

Vault maps used:
D:1:      dpeg_arrival_subterranean_lakeside_camping,
          nemelex_xobeh_ov_fountains_minmay
D:2:      lemuel_doored_altar
D:3:      zin_purify, chequers_ecumenical_altar_simple_redux,
          okawaru_metal_pillars_1_2, uniq_robin, uniq_crazy_yiuf_cottage,
          uniq_terence
